 Dungeon Sprint DCSS version 0.17-a0-2127-g1cb09f6 (webtiles) character file.

11016 Kidiri the Unseen (level 11, -1/51 HPs)
             Began as a Spriggan Enchanter on Oct 22, 2015.
             Was the Champion of Dithmenos.
             Slain by an alligator snapping turtle (39 damage)
             ... in the Dungeon (Sprint III: "The Ten Rune Challenge").
             The game lasted 00:12:21 (2609 turns).

Kidiri the Unseen (Spriggan Enchanter)              Turns: 2609, Time: 00:12:21

Health: -1/51      AC:  3    Str:  6    XL:     11   Next: 43%
Magic:  13/29      EV: 33    Int: 22    God:    Dithmenos [******]
Gold:   28         SH:  0    Dex: 19    Spells: 5 memorised, 25 levels left

rFire  . . .     SeeInvis +     m - +0 dagger (freeze)
rCold  . . .     Clarity  .     b - +1 robe
rNeg   . . .     SustAt   .     (shield restricted)
rPois  .         Gourm    .     (helmet restricted)
rElec  .         Spirit   .     (no cloak)
rCorr  .         Warding  .     (gloves unavailable)
rMut   .         NoTele   +     (boots unavailable)
MR     +....                    (no amulet)
Stlth  ++++++++++               (no ring)
                                (no ring)

@: wreathed by umbra, very quick, somewhat resistant to hostile enchantments,
uncannily stealthy
A: unfitting armour, see invisible, clever 2, herbivore 3, speed 3, robust 1,
slow metabolism 2, strong 1
a: Shadow Step, Shadow Form, Renounce Religion


You were in the Dungeon.
You worshipped Dithmenos.
Dithmenos was exalted by your worship.
You were not hungry.

You visited 1 branch You collected 28 gold pieces.

Inventory:

Hand Weapons
 a - a +1 dagger
 m - a +0 dagger of freezing (weapon)
Armour
 b - a +1 robe (worn)
Wands
 k - a wand of frost (31)
Scrolls
 j - a scroll of blinking
 l - a scroll of holy word
 n - 3 scrolls of remove curse
Potions
 e - 2 potions of curing
 f - a potion of heal wounds
 g - a potion of haste
 h - 2 potions of magic
 i - a potion of might
 o - 3 potions of cure mutation
 p - 3 potions of flight
Comestibles
 c - 6 fruits
 d - a bread ration
 r - 24 royal jellies


   Skills:
 * Level 12.6 Short Blades
 + Level 6.1 Armour
 * Level 15.9 Dodging
 * Level 17.3 Stealth
 * Level 13.6 Spellcasting
 + Level 5.8 Conjurations
 + Level 10.5 Hexes
 + Level 6.6 Ice Magic
 + Level 7.1 Invocations


You had 25 spell levels left.
You knew the following spells:

 Your Spells              Type           Power        Failure   Level  Hunger
a - Corona                Hex            ######.      1%          1    None
b - Ensorcelled Hibernat  Hex/Ice        ######       1%          2    None
c - Confuse               Hex            ######..     1%          3    None
d - Tukima's Dance        Hex            ######..     1%          3    None
e - Dazzling Spray        Conj/Hex       ######..     1%          3    None


Dungeon Overview and Level Annotations

Branches:
Dungeon (1/1)

Altars:
Cheibriados
Dithmenos
Elyvilon
Fedhas
Gozag
Kikubaaqudgha
Makhleb
Nemelex Xobeh
Okawaru
Qazlal
Ru
Sif Muna
Trog
Vehumet
Xom
Yredelemnul
Zin
The Shining One
Jiyva
Lugonu

Shops:
D %(}


Innate Abilities, Weirdness & Mutations

You are tiny and cannot use many weapons and most armour.
You have supernaturally acute eyesight.
You are a herbivore.
You cover ground extremely quickly.
You need consume almost no food.
Your mind is very acute. (Int +4)
You are robust (+10% HP).
Your muscles are strong. (Str +2)


Message History

Press: ? - help, Shift-Dir - straight line, f/p - alligator snapping turtle
Aim: an alligator snapping turtle (umbra, chance to defeat MR: 37%)
The alligator snapping turtle easily resists.
The alligator snapping turtle bites you from afar!
You emit a cloud of dark smoke.
Casting: Ensorcelled Hibernation
Confirm with . or Enter, or press ? or * to list all spells.
Aiming: Confuse
Press: ? - help, Shift-Dir - straight line, f/p - alligator snapping turtle
Aim: an alligator snapping turtle (black smoke, umbra, chance to defeat MR: 41%)
The alligator snapping turtle resists with some effort.
Casting: Confuse
Confirm with . or Enter, or press ? or * to list all spells.
Aiming: Confuse
Press: ? - help, Shift-Dir - straight line, f/p - alligator snapping turtle
Aim: an alligator snapping turtle (black smoke, umbra, chance to defeat MR: 41%)
The alligator snapping turtle resists with some effort.
The alligator snapping turtle bites you from afar!!!
Ouch! That really hurt!
You die...

#.%♣♣ ♣♣♣##+#####
###'♣♣♣♣♣♣♣♣♣♣♣♣♣♣♣
♣♣♣♣%##..##≈≈≈≈≈≈..#
♣%..##.##.#≈≈≈≈≈...#
♣♣.##.##.##'≈≈≈≈§####+#
♣..#.##...#≈≈..§.§§§§#
♣♣.##.##.)#§§§+#######
♣♣.##.#####§§§#)))...#
♣%....##..§t§@#♣♣♣._.#
########'#############
▓..*.......PP▓
▓t≈P*.....P≈≈▓
▓≈≈X.P..PP≈≈≈▓
▓≈w≈w≈..≈≈≈≈≈▓
▓≈≈≈t≈≈≈≈≈≈≈≈▓
▓≈≈≈≈≈≈≈≈≈≈≈≈▓
▓≈≈≈≈≈≈≈≈≈≈≈≈▓


You could see an alligator snapping turtle.

Vanquished Creatures
  Maud (D)
  Josephine (D)
  2 hydras (D)
  A centaur warrior (D)
  An unseen horror (D)
  A spriggan druid (D)
  A lindwurm (D)
  2 spiny frogs (D)
  A deep elf priest (D)
  3 wandering mushrooms (D)
  A queen bee (D)
  A komodo dragon (D)
  2 snapping turtles (D)
  A spriggan (D)
  3 redbacks (D)
  A shadow (D)
  A spatial vortex (D)
  A necrophage (D)
  2 centaurs (D)
  An earth elemental (D)
  A water elemental (D)
  2 brain worms (D)
  32 killer bees (D)
  An electric eel (D)
  A wizard (D)
  Jessica (D)
  A jelly (D)
  A necromancer (D)
  A wolf (D)
  A kobold demonologist (D)
  3 humans (D)
  An ooze (D)
  2 rats (D)
76 creatures vanquished.

Vanquished Creatures (collateral kills)
  A spriggan (D)
1 creature vanquished.

Vanquished Creatures (others)
  2 draconian scorchers (D)
  A death drake (D)
  2 yaktaurs (D)
  A plant (D)
  4 tentacles (D)
  12 tentacle segments (D)
22 creatures vanquished.

Grand Total: 99 creatures vanquished

Notes
Turn   | Place    | Note
--------------------------------------------------------------
     0 | D        | Kidiri the Spriggan Enchanter began the quest for the Orb.
     0 | D        | Reached XP level 1. HP: 9/9 MP: 5/5
    13 | D        | Noticed Jessica
    15 | D        | Reached skill level 5 in Stealth
    18 | D        | Killed Jessica
    18 | D        | Reached skill level 1 in Armour
    18 | D        | Reached skill level 6 in Stealth
    18 | D        | Reached XP level 2. HP: 13/13 MP: 6/8
    18 | D        | Reached XP level 3. HP: 16/16 MP: 6/9
    22 | D        | Learned a level 2 spell: Ensorcelled Hibernation
    26 | D        | Learned a level 3 spell: Confuse
    30 | D        | Learned a level 3 spell: Dazzling Spray
    80 | D        | Reached skill level 5 in Dodging
   189 | D        | Noticed a wolf
   203 | D        | Killed a wolf
   203 | D        | Reached XP level 4. HP: 21/21 MP: 5/11
   211 | D        | Learned a level 3 spell: Tukima's Dance
   242 | D        | Killed a white draconian scorcher
   278 | D        | Gained mutation: You are robust (+10% HP). [potion of mutation]
   278 | D        | Gained mutation: Your muscles are strong. (Str +2) [potion of mutation]
   279 | D        | Gained mutation: Your mind is acute. (Int +2) [potion of mutation]
   279 | D        | Gained mutation: Your mind is very acute. (Int +4) [potion of mutation]
   313 | D        | Noticed a water elemental
   340 | D        | Killed a white draconian scorcher
   349 | D        | Killed a water elemental
   349 | D        | Reached skill level 7 in Stealth
   349 | D        | Reached skill level 5 in Spellcasting
   349 | D        | Reached skill level 1 in Conjurations
   349 | D        | Reached skill level 5 in Hexes
   349 | D        | Reached skill level 1 in Ice Magic
   349 | D        | Reached XP level 5. HP: 26/26 MP: 1/14
   439 | D        | Noticed a jelly
   440 | D        | Noticed a shadow
   479 | D        | Killed a yaktaur
   561 | D        | Killed a jelly
   561 | D        | Reached skill level 5 in Short Blades
   561 | D        | Reached skill level 8 in Stealth
   648 | D        | Found a stormy altar of Qazlal.
   649 | D        | Found a sacrificial altar of Ru.
   649 | D        | Found a burning altar of Makhleb.
   649 | D        | Found a viscous altar of Jiyva.
   649 | D        | Found a shimmering altar of Xom.
   649 | D        | Found a shadowy altar of Dithmenos.
   649 | D        | Found a sparkling altar of Nemelex Xobeh.
   649 | D        | Found a corrupted altar of Lugonu.
   649 | D        | Found an opulent altar of Gozag.
   649 | D        | Noticed a spatial vortex
   652 | D        | Killed a spatial vortex
   652 | D        | Reached skill level 9 in Stealth
   652 | D        | Reached XP level 6. HP: 19/30 MP: 8/16
   656 | D        | Became a worshipper of Dithmenos the Shadowed
   684 | D        | Killed a yaktaur
   874 | D        | Found a radiant altar of Vehumet.
   875 | D        | Found a deep blue altar of Sif Muna.
   875 | D        | Found an ancient bone altar of Kikubaaqudgha.
   875 | D        | Noticed a wizard
   876 | D        | Killed a wizard
   900 | D        | Found a glowing silver altar of Zin.
   901 | D        | Found a glowing golden altar of the Shining One.
   901 | D        | Found a white marble altar of Elyvilon.
   901 | D        | Noticed a deep elf priest
   910 | D        | Killed a deep elf priest
   910 | D        | Reached * piety under Dithmenos
   910 | D        | Reached skill level 10 in Stealth
   910 | D        | Reached XP level 7. HP: 35/35 MP: 12/19
   956 | D        | Found an iron altar of Okawaru.
   957 | D        | Found a bloodstained altar of Trog.
   957 | D        | Noticed a human
   957 | D        | Noticed a human
   959 | D        | Killed a human
   960 | D        | Killed a human
   960 | D        | Reached skill level 10 in Dodging
   960 | D        | Reached skill level 11 in Stealth
   979 | D        | Found a snail-covered altar of Cheibriados.
   979 | D        | Noticed a necrophage
   980 | D        | Found a basalt altar of Yredelemnul.
   980 | D        | Found a blossoming altar of Fedhas.
   980 | D        | Noticed a necromancer
   981 | D        | Killed a necrophage
   982 | D        | Killed a necromancer
   982 | D        | Reached ** piety under Dithmenos
  1145 | D        | Killed a shadow
  1145 | D        | Reached XP level 8. HP: 25/39 MP: 1/22
  1298 | D        | Noticed Josephine
  1300 | D        | Killed Josephine
  1300 | D        | Reached skill level 12 in Stealth
  1308 | D        | Noticed an earth elemental
  1311 | D        | Killed an earth elemental
  1311 | D        | Reached skill level 10 in Spellcasting
  1320 | D        | Noticed a centaur
  1320 | D        | Noticed a centaur warrior
  1320 | D        | Noticed a centaur
  1322 | D        | Killed a centaur warrior
  1322 | D        | Reached skill level 13 in Stealth
  1322 | D        | Reached XP level 9. HP: 42/42 MP: 19/24
  1323 | D        | Killed a centaur
  1323 | D        | Reached *** piety under Dithmenos
  1324 | D        | Killed a centaur
  1360 | D        | Noticed an unseen horror
  1362 | D        | Killed an unseen horror
  1362 | D        | Reached skill level 10 in Short Blades
  1362 | D        | Reached skill level 14 in Stealth
  1372 | D        | Noticed a killer bee
  1372 | D        | Noticed a killer bee
  1372 | D        | Noticed a killer bee
  1372 | D        | Noticed a killer bee
  1372 | D        | Noticed a killer bee
  1372 | D        | Noticed a killer bee
  1372 | D        | Noticed a killer bee
  1372 | D        | Noticed a killer bee
  1372 | D        | Noticed a killer bee
  1372 | D        | Noticed a killer bee
  1372 | D        | Noticed a killer bee
  1372 | D        | Noticed a killer bee
  1372 | D        | Noticed a killer bee
  1372 | D        | Noticed a killer bee
  1372 | D        | Noticed a killer bee
  1373 | D        | Noticed a killer bee
  1373 | D        | Noticed a killer bee
  1373 | D        | Noticed a killer bee
  1373 | D        | Noticed a killer bee
  1373 | D        | Noticed a killer bee
  1373 | D        | Noticed a killer bee
  1373 | D        | Noticed a killer bee
  1373 | D        | Noticed a killer bee
  1373 | D        | Noticed a queen bee
  1373 | D        | Noticed a killer bee
  1373 | D        | Noticed a killer bee
  1373 | D        | Noticed a killer bee
  1373 | D        | Noticed a killer bee
  1373 | D        | Noticed a killer bee
  1373 | D        | Noticed a killer bee
  1373 | D        | Noticed a killer bee
  1373 | D        | Noticed a killer bee
  1373 | D        | Noticed a killer bee
  1374 | D        | Killed a killer bee
  1375 | D        | Killed a killer bee
  1375 | D        | Reached skill level 5 in Ice Magic
  1375 | D        | Reached skill level 5 in Invocations
  1376 | D        | Killed a killer bee
  1376 | D        | Reached **** piety under Dithmenos
  1376 | D        | Killed a killer bee
  1377 | D        | Killed a killer bee
  1380 | D        | Killed a killer bee
  1380 | D        | Killed a killer bee
  1381 | D        | Killed a killer bee
  1382 | D        | Killed a killer bee
  1383 | D        | Killed a killer bee
  1383 | D        | Reached ***** piety under Dithmenos
  1386 | D        | Killed a killer bee
  1389 | D        | Killed a killer bee
  1393 | D        | Killed a killer bee
  1406 | D        | Killed a killer bee
  1689 | D        | Killed a killer bee
  1699 | D        | Killed a killer bee
  1699 | D        | Reached XP level 10. HP: 48/48 MP: 14/26
  1701 | D        | Killed a killer bee
  1704 | D        | Killed a killer bee
  1706 | D        | Killed a queen bee
  1708 | D        | Killed a killer bee
  1710 | D        | Killed a killer bee
  1716 | D        | Killed a killer bee
  1716 | D        | Reached skill level 5 in Armour
  1726 | D        | Killed a killer bee
  1726 | D        | Reached ****** piety under Dithmenos
  1865 | D        | Killed a killer bee
  1870 | D        | Killed a killer bee
  1873 | D        | Killed a killer bee
  1875 | D        | Killed a killer bee
  1875 | D        | Reached skill level 15 in Stealth
  1877 | D        | Killed a killer bee
  1881 | D        | Killed a killer bee
  1883 | D        | Killed a killer bee
  1886 | D        | Killed a killer bee
  1888 | D        | Killed a killer bee
  1890 | D        | Killed a killer bee
  2056 | D        | Noticed a wandering mushroom
  2062 | D        | Noticed a wandering mushroom
  2062 | D        | Noticed a wandering mushroom
  2064 | D        | Killed a wandering mushroom
  2068 | D        | Killed a wandering mushroom
  2072 | D        | Killed a wandering mushroom
  2169 | D        | Noticed a spiny frog
  2169 | D        | Noticed a komodo dragon
  2169 | D        | Noticed a spiny frog
  2172 | D        | Killed a spiny frog
  2174 | D        | Killed a komodo dragon
  2174 | D        | Reached skill level 5 in Conjurations
  2175 | D        | Killed a spiny frog
  2180 | D        | Noticed a redback
  2182 | D        | Killed a redback
  2183 | D        | Noticed a brain worm
  2186 | D        | Killed a brain worm
  2196 | D        | Noticed a brain worm
  2198 | D        | Killed a brain worm
  2204 | D        | Noticed a lindwurm
  2206 | D        | Noticed a redback
  2207 | D        | Killed a lindwurm
  2207 | D        | Reached skill level 16 in Stealth
  2209 | D        | Killed a redback
  2213 | D        | Noticed a redback
  2214 | D        | Killed a redback
  2215 | D        | Noticed Maud
  2217 | D        | Killed Maud
  2217 | D        | Reached skill level 15 in Dodging
  2217 | D        | Reached skill level 10 in Hexes
  2217 | D        | Reached XP level 11. HP: 51/51 MP: 27/29
  2229 | D        | Noticed an electric eel
  2230 | D        | Noticed a five-headed hydra
  2230 | D        | Noticed an eight-headed hydra
  2231 | D        | Killed an electric eel
  2233 | D        | Killed a five-headed hydra
  2234 | D        | Killed an eight-headed hydra
  2234 | D        | Reached skill level 17 in Stealth
  2271 | D        | Noticed a death drake
  2478 | D        | Killed a death drake
  2496 | D        | Found a blossoming altar of Fedhas.
  2496 | D        | Noticed a spriggan
  2496 | D        | Noticed a spriggan druid
  2496 | D        | Noticed a spriggan
  2511 | D        | Killed a spriggan
  2516 | D        | Killed a spriggan druid
  2526 | D        | Killed a spriggan
  2581 | D        | Noticed a snapping turtle
  2581 | D        | Noticed a snapping turtle
  2582 | D        | Noticed a kraken
  2582 | D        | Noticed an alligator snapping turtle
  2582 | D        | Noticed an alligator snapping turtle
  2582 | D        | Noticed an alligator snapping turtle
  2582 | D        | Noticed a snapping turtle
  2582 | D        | Found Nyisiklu's Food Emporium.
  2582 | D        | Found Ymoaf's Antique Weapon Shop.
  2582 | D        | Found Botaof's Gadget Boutique.
  2584 | D        | Killed a snapping turtle
  2585 | D        | Killed a snapping turtle
  2609 | D        | Slain by an alligator snapping turtle

Vault maps used:
D:        dungeon_sprint_mu

Action                   |  1- 3 |  4- 6 |  7- 9 | 10-12 || total
-------------------------+-------+-------+-------+-------++-------
Melee: Dagger            |     6 |    24 |    94 |    60 ||   184
 Cast: Ensorcelled Hiber |     4 |     2 |     2 |    23 ||    31
       Dazzling Spray    |     1 |    12 |    21 |     9 ||    43
       Tukima's Dance    |       |     1 |       |     1 ||     2
       Confuse           |       |       |       |     2 ||     2
Invok: Shadow Step       |       |       |     1 |     6 ||     7
  Use: Potion            |       |     3 |       |     3 ||     6
       Scroll            |       |     2 |       |       ||     2
 Stab: Sleeping          |     5 |     4 |    13 |    31 ||    53
       Invisible         |       |     1 |     3 |     1 ||     5
       Paralysed         |       |       |       |     1 ||     1
  Eat: Bread ration      |       |       |       |     1 ||     1
